 Dungeon Crawl Stone Soup version 0.30-a0-847-g17996783a1 (webtiles) character file.

Game seed: 8185376913168379013

445 oldriver the Shooter (level 7, -10/60 HPs)
             Began as a Meteoran Hunter on Mar 3, 2023.
             Mangled by a sleepcap (18 damage)
             ... on level 5 of the Dungeon.
             The game lasted 00:09:36 (2053 turns).

oldriver the Shooter (Meteoran Hunter)              Turns: 2053, Time: 00:09:37

Health: -10/60     AC:  3    Str: 13    XL:     7   Next: 48%
Magic:  8/8        EV:  2    Int: 11    God:
Gold:   229        SH:  0    Dex: 19    Spells: 6/6 levels left

rFire   + . .      SeeInvis .    o - +4 sling of the Immovable Queens {speed, rElec rF+ rN+}
rCold   . . .      Faith    .    (no shield)
rNeg    + . .      Spirit   .    c - +0 leather armour
rPois   .          Reflect  .    (no helmet)
rElec   +          Rampage  .    (no cloak)
rCorr   .                        (no gloves)
Will    .....                    (no boots)
Stlth   +                        l - amulet of magic regeneration
HPRegen 0.30/turn                (no ring)
MPRegen 0.51/turn                (no ring)

@: sleeping, glowing
A: sense surroundings 1, otherworldly, glowing, explore regen
a: no special abilities


You were on level 5 of the Dungeon.
You visited 1 branch of the dungeon, and saw 5 of its levels.

You collected 229 gold pieces.

Inventory:

Hand Weapons
 a - a +0 shortbow
 k - the +6 spear "Catoegat" {flame, Drain rC+ rN+ Str+6}
   (You found it on level 3 of the Dungeon)

   Str:       It affects your strength (+6).
   rC:        It protects you from cold.
   rN:        It protects you from negative energy.
   Drain:     It drains your maximum health when unequipped.
 o - the +4 sling of the Immovable Queens (weapon) {speed, rElec rF+ rN+}
   (You took it off an orc on level 3 of the Dungeon)

   rF:        It protects you from fire.
   rElec:     It insulates you from electricity.
   rN:        It protects you from negative energy.
 q - the +5 whip "Hellblazer" {pain, rF+ rCorr Stlth+}
   (You found it on level 4 of the Dungeon)

   rF:        It protects you from fire.
   rCorr:     It protects you from acid and corrosion.
   Stlth:     It makes you more stealthy.
 r - a +2 sling of freezing
Armour
 c - a +0 leather armour (worn)
Jewellery
 l - an amulet of magic regeneration (around neck)
Wands
 h - a wand of iceblast (15)
 m - a wand of paralysis (12)
 t - a wand of acid (12)
Scrolls
 b - 2 scrolls of immolation
 g - 2 scrolls of identify
 p - 2 scrolls of magic mapping
Potions
 d - a potion of berserk rage {unknown}
 e - 2 potions of haste {unknown}
 f - a potion of cancellation {unknown}
 i - a potion of heal wounds
 j - 2 potions of resistance {unknown}
 n - 2 potions of attraction {unknown}
 s - a potion of brilliance {unknown}


   Skills:
 + Level 4.3 Fighting
 * Level 7.0 Ranged Weapons
 + Level 4.7 Dodging
 - Level 0.6 Stealth


You had 6 spell levels left.
You didn't know any spells.
Your spell library contained the following spells:

 Spells                   Type           Power      Damage    Failure   Level
 Slow                     Hex            0%         N/A       41%         1
 Blink                    Tloc           0%         N/A       56%         2
 Sublimation of Blood     Necr           0%         N/A       56%         2
 Wereblood                Tmut           0%         N/A       56%         2
 Confusing Touch          Hex            0%         N/A       80%         3
 Dazzling Flash           Conj/Hex       0%         N/A       80%         3
 Inner Flame              Hex/Fire       0%         N/A       80%         3
 Vampiric Draining        Necr           0%         2d6       80%         3
 Cause Fear               Hex            0%         N/A       99%         4
 Manifold Assault         Tloc           0%         N/A       99%         4
 Agony                    Necr           0%         N/A       100%        5
 Silence                  Hex/Air        0%         N/A       100%        5
 Storm Form               Tmut/Air       0%         N/A       100%        7
 Summon Hydra             Summ           0%         N/A       100%        7
 Discord                  Hex            0%         N/A       100%        8


Dungeon Overview and Level Annotations

Branches:
Dungeon (5/15) Zot: 921
 Temple: D:4-7

Altars:
Gozag
Zin


Innate Abilities, Weirdness & Mutations

You passively map a small area around you.
You are easily found by Zot.
You glow in the dark.
You regain HP and MP as you explore.


Message History

Press: ? - help, Shift-Dir - straight line, f - orc, p - hound
Aim: an orc, wielding a +0 hand axe (71% to hit)
The bolt of acid hits the sleepcap.
The acid corrodes the sleepcap!
The sleepcap is moderately damaged.
The bolt of acid hits the orc!
You kill the orc!
The hound bites you. The hound closely misses you.
The sleepcap releases spores at you but does no damage.
Aiming: Corrosive Bolt
Press: ? - help, Shift-Dir - straight line, f - orc wizard
Aim: an orc wizard, wielding a +0 dagger and wearing a +0 robe (64% to hit)
The bolt of acid hits the hound!
The acid corrodes the hound!
The hound is almost dead.
The bolt of acid hits the orc!
The acid corrodes the orc!
You kill the orc!
The bolt of acid hits the orc wizard.
The orc wizard is heavily wounded.
The hound bites you. The sleepcap misses you.
The sleepcap attacks as you move away! The sleepcap releases spores at you.
* * * LOW HITPOINT WARNING * * *
The hound bites you.
* * * LOW HITPOINT WARNING * * *
There is a stone staircase leading up here.
Aiming: Corrosive Bolt
Press: ? - help, Shift-Dir - straight line, f - orc, p - orc wizard
Aim: an orc, wielding a +0 club, wearing a +0 scale mail and quivering boomerangs (75% to hit)
The bolt of acid hits the hound!
The hound seems to be corroded for longer.
You kill the hound!
The bolt of acid hits the orc wizard!
The acid corrodes the orc wizard!
You kill the orc wizard!
The bolt of acid hits the orc!
The acid corrodes the orc!
You kill the orc!
The sleepcap releases spores at you.
* * * LOW HITPOINT WARNING * * *
You are engulfed in a cloud of soporific spores!
You fall asleep.
Your Ranged Weapons skill increases to level 7!
The sleepcap releases spores at you!!
You die...

, ** , , , * * #..
######, *
,...#######,,*#.....# ,
, ......... ##.......
..,#.#.... ...)..... ,,
...#...#.# #........ ,
,.......†####........
#...@†)##........ ,
,#..#..f.)o........,
*.........#...........,
....#.#.###.##..)....
**.. ...#.. #.#*#......
...# ##. ... .#..#.* *
.... ##.##. ...## * ...
#. ,.. ... * ## ##*,
......


You could see a sleepcap (corroded) and an orc priest.

Vanquished Creatures
  A howler monkey (D:4)
  3 hounds
  An orc priest (D:4)
  An iguana (D:5)
  5 orc wizards
  6 adders
  2 worms
  A dart slug (D:2)
  12 orcs
  An endoplasm (D:1)
  2 giant cockroaches
  5 goblins
  4 hobgoblins
  2 jackals (D:3)
  A quokka (D:1)
  3 ball pythons
  10 bats
  4 frilled lizards
  6 kobolds
  4 rats
74 creatures vanquished.

Notes
Turn   | Place    | Note
-------+----------+-------------------------------------------
     0 | D:1      | oldriver the Meteoran Hunter began the quest for the Orb.
     0 | D:1      | Reached XP level 1. HP: 17/17 MP: 2/2
    83 | D:1      | Found a faded altar of an unknown god.
   119 | D:1      | Reached XP level 2. HP: 25/25 MP: 3/3
   301 | D:1      | Reached XP level 3. HP: 30/30 MP: 4/4
   470 | D:2      | You fall into a shaft and drop 2 floors!
   496 | D:3      | Reached skill level 5 in Ranged Weapons
   529 | D:3      | Identified the +6 spear "Catoegat" {flame, Drain rC+ rN+
                  | Str+6}
   585 | D:3      | Reached XP level 4. HP: 11/37 MP: 5/5
   988 | D:2      | Reached XP level 5. HP: 45/45 MP: 6/6
  1427 | D:3      | Identified the +4 sling of the Immovable Queens {speed,
                  | rElec rF+ rN+}
  1558 | D:3      | Reached XP level 6. HP: 23/51 MP: 7/7
  1605 | D:4      | Reached skill level 6 in Ranged Weapons
  1734 | D:4      | Identified the +5 whip "Hellblazer" {pain, rF+ rCorr
                  | Stlth+}
  1878 | D:4      | Found a glowing silver altar of Zin.
  1878 | D:4      | Found an opulent altar of Gozag.
  1975 | D:4      | Reached XP level 7. HP: 47/59 MP: 8/8
  2032 | D:5      | Entered Level 5 of the Dungeon
  2053 | D:5      | Reached skill level 7 in Ranged Weapons
  2053 | D:5      | Mangled by a sleepcap

Illustrated notes

Levels and vault maps discovered:
D:1:      dpeg_arrival_stone_temple_mockup, layout_basic,
          basic_ecumenical_altar, minmay_bisected
D:2:      layout_loops_corners
D:3:      kennysheep_six_static_rooms, layout_rooms,
          grunt_temple_overflow_cloverleaf, chequers_serial_rivers_large_b,
          minmay_pentomino_pile
D:4:      layout_loops_ring, grunt_temple_overflow_gold_and_silver,
          minmay_misc_feat_iff, nicolae_concentric_dashed_squares_mild
D:5:      layout_rooms, mainiacjoe_overflow_surrounded_room, uniq_ijyb

Skill      XL: |  1  2  3  4  5  6  7 |
---------------+----------------------+-----
Ranged Weapons | 5 6 7 |  7.0
Dodging        | 3 4 |  4.7
Fighting       | 3 4 |  4.3
Stealth        | |  0.6

Action                     |  1- 3 |  4- 6 |  7- 9 || total
---------------------------+-------+-------+-------++-------
  Melee: Sling             |       |     1 |       ||     1
   Fire: Shortbow          |    96 |    60 |       ||   156
         Sling             |       |    76 |     9 ||    85
  Evoke: Wand              |       |       |     3 ||     3
    Use: Scroll            |       |     6 |       ||     6
         Potion            |       |     1 |       ||     1
 Armour: Leather armour    |    31 |    28 |     2 ||    61
  Dodge: Dodged            |    48 |    46 |     7 ||   101

Table legend: (Time is in decaauts)
 A = Elapsed time spent in this place.
 B = Non-inter-level travel time spent in this place.
 C = Inter-level travel time spent in this place.
 D = Time resting spent in this place.
 E = Time spent auto-exploring this place.
 F = Levels seen in this place.
 G = Mean time per level.
                   A        B        C        D        E       F      G
               +--------+--------+--------+--------+--------+-----+--------+
         Total |   2077 |   1827 |    250 |      0 |      0 |   5 |  415.4 |
       Dungeon |   2077 |   1827 |    250 |      0 |      0 |   5 |  415.4 |
               +--------+--------+--------+--------+--------+-----+--------+

Top non-repeatable levels by time:
     D:2: 707 daAuts
     D:4: 472 daAuts
     D:3: 464 daAuts
     D:1: 412 daAuts
     D:5: 19 daAuts
